 Dungeon Crawl Stone Soup version 0.28-a0-938-gbc3f381ebc (webtiles) character file.

Game seed: 1507947005280787926

95 lunkers the Ruffian (level 4, -1/45 HPs)
             Began as a Troll Cinder Acolyte on Nov 29, 2021.
             Was a High Priest of Ignis.
             Slain by Grinder (6 damage)
             ... while paralysed by Grinder
             ... on level 3 of the Dungeon.
             The game lasted 00:04:18 (2009 turns).

lunkers the Ruffian (Troll Cinder Acolyte)          Turns: 2009, Time: 00:04:19

Health: -1/45      AC:  4    Str: 22    XL:     4   Next: 40%
Magic:  4/4        EV:  1    Int: 10    God:    Ignis [*****.]
Gold:   168        SH:  0    Dex:  6    Spells: 5/5 levels left

rFire   + . .      SeeInvis .     - Unarmed
rCold   . . .      Faith    .   (no shield)
rNeg    . . .      Spirit   .   a - +0 robe
rPois   .          Reflect  .   (helmet restricted)
rElec   .          Harm     .   (no cloak)
rCorr   .          Rampage  .   (gloves unavailable)
Will    .....                   (boots unavailable)
Stlth   +.........              (no amulet)
HPRegen 0.95/turn               (no ring)
MPRegen 0.09/turn               (no ring)

@: paralysed
A: large, unfitting armour, claws 3, regeneration 1, shaggy fur 1, tough skin 1
a: Renounce Religion, Fiery Armour, Foxfire Swarm, Rising Flame


You were on level 3 of the Dungeon.
You worshipped Ignis.
Ignis was extremely pleased with you.
You visited 1 branch of the dungeon, and saw 3 of its levels.

You collected 168 gold pieces.

Inventory:

Missiles
 e - 29 stones (quivered)
Armour
 a - a +0 robe (worn)
Jewellery
 b - a +4 ring of evasion
Scrolls
 j - a scroll of enchant weapon {unknown}
 k - a scroll of vulnerability {unknown}
Potions
 c - 3 potions of curing
 d - a potion of berserk rage {unknown}
 f - 2 potions of resistance
 g - a potion of degeneration {unknown}
 h - a potion of haste {unknown}


   Skills:
 + Level 3.1 Fighting
 * Level 4.6 Unarmed Combat
 - Level 1.0 Spellcasting
 - Level 2.1 Fire Magic


You had 5 spell levels left.
You didn't know any spells.
Your spell library contained the following spells:

 Spells                   Type           Power      Damage    Failure   Level
 Scorch                   Fire           8%         2d5       22%         2


Dungeon Overview and Level Annotations

Branches:
Dungeon (3/15)

Altars:
Fedhas

Annotations:
D:2 1 runed translucent door, Crazy Yiuf
D:3 Grinder


Innate Abilities, Weirdness & Mutations

You are too large for most types of armour.
You have claws for hands.
Your natural rate of healing is unusually fast.
You are covered in fur. (AC +1)
You have tough skin. (AC +1)


Message History

Grinder shouts!
Grinder gestures at you. Pain shoots through your body!
Grinder says, "What is the universe for?"
Grinder gestures at you. Pain shoots through your body!
You barely miss Grinder. Grinder hits you but does no damage.
You barely miss Grinder. Grinder hits you.
* * * LOW HITPOINT WARNING * * *
You writhe in agony.
* * * LOW HITPOINT WARNING * * *
You claw Grinder!
Grinder is moderately wounded.
Grinder hits you!
* * * LOW HITPOINT WARNING * * *
You writhe in agony.
* * * LOW HITPOINT WARNING * * *
You closely miss Grinder.
Grinder is moderately wounded.
Grinder says, "You look like you could use a good racking."
Grinder barely misses you.
You scratch Grinder but do no damage.
Grinder is moderately wounded.
Grinder closely misses you.
You scratch Grinder but do no damage.
Grinder is moderately wounded.
You mangle Grinder!!
Grinder is severely wounded.
Grinder hits you.
* * * LOW HITPOINT WARNING * * *
You scratch Grinder but do no damage.
Grinder is severely wounded.
Grinder gestures at you.
You suddenly lose the ability to move!
Grinder hits you!
* * * LOW HITPOINT WARNING * * *
Grinder hits you.
* * * LOW HITPOINT WARNING * * *
You writhe in agony.
You die...

...###.#..##.....###.........#
##.##.##.....รท#..............#
#.#......####)#####.........#
#.....#..####.########...####
#................# #...#
##........###.###.# #...#
...###.#......# .# ##.## #.##
#.#.####.###5# #.# ###
#.####.#.# #...@.# #.# ##..
.........# ###.### #.#####...
#.####.### #.# #...<..... ..#
#.# #.# #######... ######.#
#.###### ##.. .......# #......#
##. ######## ######.# #. ...#
#.# #. ##.# #.# #>


You could see Grinder.

Vanquished Creatures
  4 adders (D:3)
  A worm (D:2)
  2 dart slugs
  An orc (D:3)
  7 bats
  3 endoplasms (D:1)
  A giant cockroach (D:2)
  8 goblins
  5 hobgoblins
  4 quokkas
  A ball python (D:1)
  2 frilled lizards
  5 kobolds
  5 rats
  A spectral kobold (D:1)
50 creatures vanquished.

Notes
Turn   | Place    | Note
-------+----------+-------------------------------------------
     0 | D:1      | lunkers the Troll Cinder Acolyte began the quest for the
                  | Orb.
     0 | D:1      | Reached XP level 1. HP: 22/22 MP: 1/1
   140 | D:1      | Reached XP level 2. HP: 29/29 MP: 2/2
   355 | D:1      | Found a faded altar of an unknown god.
   622 | D:2      | Reached XP level 3. HP: 36/36 MP: 3/3
   701 | D:2      | Reached skill level 4 in Unarmed Combat
  1132 | D:2      | Found a runed translucent door.
  1133 | D:2      | Noticed Crazy Yiuf
  1554 | D:3      | Found a blossoming altar of Fedhas.
  1570 | D:3      | Reached XP level 4. HP: 39/45 MP: 4/4
  1997 | D:3      | Noticed Grinder
  2007 | D:3      | Paralysed by Grinder for 7 turns
  2009 | D:3      | Slain by Grinder

Illustrated notes

Levels and vault maps discovered:
D:1:      elethiomel_arrival_quiet, layout_loops_ring,
          dreamdust_ecumenical_altar_drowned_temple
D:2:      layout_loops_ring, uniq_crazy_yiuf_cottage
D:3:      layout_loops_ring, makhleb_altar_promises_db,
          mainiacjoe_overflow_small_starburst, uniq_grinder

Skill      XL: |  1  2  3 |
---------------+----------+-----
Unarmed Combat | 4 |  4.6
Fighting       | 3 |  3.1
Spellcasting   | |  1.0
Fire Magic     | |  2.1

Action                   |  1- 3 |  4- 6 || total
-------------------------+-------+-------++-------
Melee: Unarmed           |   118 |    28 ||   146
       Punch             |     1 |       ||     1
Throw: Stone             |       |     5 ||     5
  Use: Scroll            |     5 |       ||     5
Armor: Robe              |    47 |     9 ||    56
Dodge: Dodged            |    52 |    12 ||    64

Table legend: (Time is in decaauts)
 A = Elapsed time spent in this place.
 B = Non-inter-level travel time spent in this place.
 C = Inter-level travel time spent in this place.
 D = Time resting spent in this place.
 E = Time spent auto-exploring this place.
 F = Levels seen in this place.
 G = Mean time per level.
                   A        B        C        D        E       F      G
               +--------+--------+--------+--------+--------+-----+--------+
         Total |   2003 |   1950 |     53 |      0 |   1596 |   3 |  667.7 |
       Dungeon |   2003 |   1950 |     53 |      0 |   1596 |   3 |  667.7 |
               +--------+--------+--------+--------+--------+-----+--------+

Top non-repeatable levels by time:
     D:2: 846 daAuts
     D:1: 604 daAuts
     D:3: 552 daAuts
